 Dungeon Crawl Stone Soup version 0.31-a0-174-g85c54bcb58 (webtiles) character file.

Game seed: 7102185341910886825

63 qw the Shooter (level 4, -1/28 HPs)
             Began as a Gargoyle Hunter on June 15, 2023.
             Slain by a goblin
             ... wielding a +0 dagger
             ... led by Robin
              (3 damage)
             ... on level 2 of the Dungeon.
             The game lasted 00:00:29 (1041 turns).

qw the Shooter (Gargoyle Hunter)                    Turns: 1041, Time: 00:00:30

Health: -1/28      AC:  9    Str: 14    XL:     4   Next: 9%
Magic:  4/4        EV: 10    Int: 10    God:
Gold:   36         SH:  0    Dex: 15    Spells: 3/3 levels left

rFire   . . .        Y - +0 shortbow
rCold   . . .        (shield currently unavailable)
rNeg    + . .        d - +0 ring mail
rPois   inf          e - +0 helmet
rElec   +            (no cloak)
rCorr   .            (no gloves)
SInv    .            (no boots)
Will    .....        (no amulet)
Stlth   +            (no ring)
HPRegen 0.24/turn    (no ring)
MPRegen 0.09/turn

%: no passive effects
@: no status effects
A: sickness immunity, AC +3, negative energy resistance 1, electricity
resistance, torment resistance 1, petrification resistance
a: no special abilities


You were on level 2 of the Dungeon.
You visited 1 branch of the dungeon, and saw 2 of its levels.

You collected 36 gold pieces.


Innate Abilities, Weirdness & Mutations

You are immune to sickness and miasma.
Your stone body is resilient. (AC +3)
You are immune to poison.
You resist negative energy. (rN+)
You are resistant to electric shocks. (rElec)
You are resistant to unholy torment.
You are immune to petrification.


   Skills:
 - Level 3.0 Fighting
 + Level 5.0 Ranged Weapons
 - Level 1.0 Armour
 - Level 1.5 Dodging
 - Level 1.1 Stealth


You had 3 spell levels left.
You didn't know any spells.
Your spell library was empty.

Inventory:

Hand Weapons
 Y - a +0 shortbow (weapon)
Armour
 d - a +0 ring mail (worn)
 e - a +0 helmet (worn)
Potions
 g - a potion of berserk rage {unknown}
 k - a potion of curing {unknown}
 l - a potion of haste {unknown}

Dungeon Overview and Level Annotations

Branches:
Dungeon (2/15)

Altars:

Annotations:
D:2 Robin


Message History

You shoot an arrow. The arrow closely misses the goblin.
The arrow hits the goblin.
You kill the goblin!
The goblin hits you with a +0 dagger. The goblin barely misses you.
The goblin hits you but does no damage.
Your Fighting skill increases to level 3!
You shoot an arrow. The arrow hits the goblin.
You kill the goblin!
The goblin barely misses you. The goblin hits you with a +0 club.
The goblin barely misses you. The goblin hits you but does no damage.
The goblin hits you with a +0 club.
You shoot an arrow. The arrow closely misses the goblin.
The arrow closely misses the rat.
The goblin hits you but does no damage. The goblin barely misses you.
The goblin misses you.
You shoot an arrow. The arrow hits the goblin.
You kill the goblin!
The goblin no longer looks unusually strong.
The goblin barely misses you. x2; Robin throws the goblin at you!
You shoot an arrow. The arrow hits the rat.
You kill the rat!
The goblin no longer looks unusually strong.
The goblin barely misses you.
The goblin hits you but does no damage. x2
You shoot an arrow. The arrow hits the goblin.
The goblin is severely wounded.
The goblin barely misses you. x2; The goblin hits you but does no damage. x2
The goblin barely misses you. x2; The goblin hits you with a +0 club.
The goblin hits you with a +0 dagger.
You shoot an arrow. The arrow hits the goblin.
You kill the goblin!
The hobgoblin no longer looks unusually strong.
The goblin no longer looks unusually strong.
The goblin hits you but does no damage. x2; The goblin closely misses you.
You shoot an arrow. The arrow hits the hobgoblin.
The hobgoblin is severely wounded.
The goblin hits you but does no damage. x3
The hobgoblin hits you but does no damage.
You shoot an arrow. The arrow closely misses the hobgoblin.
The goblin hits you but does no damage. The goblin hits you with a +0 dagger.
You die...

#######.##.#..###
##.##.#..#
#...#.#..#
#...#.# ##
#...#.# #...#.#
##.##.# ####g#
#...@#
#$.ggg.....#
#....#).####
#....#..# ######
.# .# #


You could see a hobgoblin and 3 goblins.

Vanquished Creatures
  2 dart slugs
  7 endoplasms (D:1)
  2 giant cockroaches (D:1)
  12 goblins
  7 hobgoblins
  8 jackals (D:1)
  2 ball pythons
  2 frilled lizards (D:1)
  3 kobolds (D:1)
  4 rats
49 creatures vanquished.

Notes
Turn   | Place    | Note
-------+----------+-------------------------------------------
     0 | D:1      | qw the Gargoyle Hunter began the quest for the Orb.
     0 | D:1      | Reached XP level 1. HP: 12/12 MP: 1/1
     0 | D:1      | 0 ||| qw: Version: 0.2-a-29-g511e9b1
     0 | D:1      | 0 ||| qw: Game counter: 5406
     0 | D:1      | 0 ||| qw: Always use a shield: true
     0 | D:1      | 0 ||| qw: God list: Okawaru
     0 | D:1      | 0 ||| qw: Allow faded altars: false
     0 | D:1      | 0 ||| qw: Do Orc after D:15 true
     0 | D:1      | 0 ||| qw: Do second Lair branch before Depths: true
     0 | D:1      | 0 ||| qw: Lair rune preference: random
     0 | D:1      | 0 ||| qw: Plans: Normal, Zot:1-4, Slime:5, God:TSO, Crypt,
                  | Tomb, Abyss, Pan, Hells, Win
     0 | D:1      | 0 ||| PLANNING D:1-11
    53 | D:1      | Reached XP level 2. HP: 17/17 MP: 2/2
   136 | D:1      | Reached XP level 3. HP: 15/21 MP: 3/3
   162 | D:1      | Found a faded altar of an unknown god.
   275 | D:1      | Reached skill level 5 in Ranged Weapons
   774 | D:1      | 774 ||| UPGRADING to +0 ring mail.
   784 | D:1      | 784 ||| DROPPING +0 leather armour.
   785 | D:1      | 785 ||| UPGRADING to +0 helmet.
   790 | D:1      | 790 ||| DROPPING scarf of invisibility.
   791 | D:1      | 791 ||| READING scroll labelled ENID QALYSUAM.
   807 | D:1      | 807 ||| READING scroll labelled DEANEY ZONEA.
   908 | D:1      | 908 ||| READING 2 scrolls labelled DATUOCAYWK.
   909 | D:1      | 909 ||| READING scroll labelled QEUDDY KYUCIUR.
   910 | D:1      | 910 ||| READING scroll labelled CAPHAM TEOKIBU.
   911 | D:1      | 911 ||| READING scroll labelled YCYRRU ICKEC.
   912 | D:1      | 912 ||| READING scroll labelled BIJ JAWOYRUAB.
   913 | D:1      | 913 ||| DROPPING scroll of butterflies.
   914 | D:1      | 914 ||| DROPPING scroll of poison.
  1025 | D:2      | Noticed Robin
  1031 | D:2      | Reached skill level 1 in Armour
  1031 | D:2      | Reached XP level 4. HP: 21/27 MP: 4/4
  1034 | D:2      | Reached skill level 3 in Fighting
  1034 | D:2      | HP: 7/28 [goblin/+0 club[Robin] (2)]
  1038 | D:2      | HP: 1/28 [goblin/+0 dagger[Robin] (3)]
  1041 | D:2      | Slain by a goblin

Levels and vault maps discovered:
D:1:      dpeg_arrival_round_b, layout_basic,
          hellmonk_ecumenical_altar_dog_temple, minmay_misc_feat_tiny,
          minmay_tromino_mix6
D:2:      minmay_skewed_foursquare, layout_basic, uniq_robin

Skill      XL: |  1  2  3  4 |
---------------+-------------+-----
Ranged Weapons | 5 |  5.0
Armour         | 1 |  1.0
Fighting       | 3 |  3.0
Dodging        | |  1.5
Stealth        | |  1.1

Action                     |  1- 3 |  4- 6 || total
---------------------------+-------+-------++-------
   Fire: Shortbow          |   106 |    11 ||   117
    Use: Scroll            |     7 |       ||     7
 Armour: Leather armour    |    12 |       ||    12
         Ring mail         |     7 |    16 ||    23
  Dodge: Dodged            |    37 |    14 ||    51

Table legend:
 A = Non-vault XP
 B = Vault XP
 C = Vault XP percentage of total XP
 D = Non-vault monster count
 E = Vault monster count
 F = Vault count percentage of total count
                 A         B        C        D         E       F
            +---------+---------+-------+---------+---------+-------
      Total |      67 |      23 |  25.6 |      36 |      13 |  26.5
            +---------+---------+-------+---------+---------+-------
        D:1 |      56 |      12 |  17.6 |      31 |       7 |  18.4
        D:2 |      11 |      11 |  50.0 |       5 |       6 |  54.5
            +---------+---------+-------+---------+---------+-------
